 Dungeon Crawl Stone Soup version 0.21.1-1-g345015fe64 (webtiles) character file.

47 Kohma the Sneak (level 3, 0/16 HPs)
             Began as a Vine Stalker Assassin on July 9, 2018.
             Succumbed to an adder's poison
             ... on level 2 of the Dungeon.
             The game lasted 00:03:24 (1377 turns).

Kohma the Sneak (Vine Stalker Assassin)             Turns: 1377, Time: 00:03:25

Health: 0/16       AC:  3    Str: 13    XL:     3   Next: 70%
Magic:  4/4        EV: 12    Int: 12    God:
Gold:   23         SH:  0    Dex: 17    Spells: 2/2 levels left

rFire    . . .     SeeInvis .   a - +2 dagger
rCold    + . .     Gourm    .   (no shield)
rNeg     . . .     Faith    .   c - +0 robe
rPois    .         Spirit   +   (no helmet)
rElec    .         Reflect  .   d - +0 cloak
rCorr    .         Harm     .   (no gloves)
MR       .....                  (no boots)
Stlth    +++.......             (no amulet)
HPRegen  0.05/turn              (no ring)
MPRegen  0.09/turn              (no ring)

@: lethally poisoned (0 -> -8), hasted, very quick
A: fangs 2, agile 1, cold resistance 1, frail 1, magic shield, antimagic bite,
no potion heal 3, rot immunity
a: no special abilities


You were on level 2 of the Dungeon.
You were not hungry.

You visited 1 branch of the dungeon, and saw 2 of its levels.

You collected 23 gold pieces.

Inventory:

Hand Weapons
 a - a +2 dagger (weapon)
 b - a +0 blowgun
Missiles
 f - 2 curare-tipped needles {!f}
Armour
 c - a +0 robe (worn)
 d - a +0 cloak (worn)
Scrolls
 m - a scroll of enchant weapon {unknown}
 n - a scroll of teleportation {unknown}
Potions
 i - a potion of curing {unknown}
 j - a potion of degeneration {unknown}
 k - a potion of might {unknown}
 l - a potion of mutation
Comestibles
 g - 2 rations


   Skills:
 + Level 2.1 Fighting
 * Level 2.5 Short Blades
 + Level 2.1 Throwing
 + Level 0.6 Armour
 + Level 1.1 Dodging
 + Level 5.1 Stealth


You had 2 spell levels left.
You didn't know any spells.

Dungeon Overview and Level Annotations

Branches:
Dungeon (2/15)

Altars:


Innate Abilities, Weirdness & Mutations

You have extremely sharp teeth.
When hurt, damage is shared between your health and your magic reserves.
Your bite disrupts and absorbs the magic of your enemies.
Potions cannot restore your health.
You are immune to rotting.
You are agile. (Dex +2)
Your flesh is cold resistant. (rC+)
You are frail. (-10% HP)


Message History

a - a +2 dagger (weapon)
* * * LOW HITPOINT WARNING * * *
You feel sick.
You hit the jackal but do no damage.
The jackal is lightly wounded.
The jackal bites you but does no damage. x2
You closely miss the jackal. You bite the jackal. You drain its power.
You feel invigorated.
The jackal is heavily wounded.
The jackal closely misses you.
You hit the jackal.
You kill the jackal!
* * * LOW HITPOINT WARNING * * *
You feel sick.
There is a lethal amount of poison in your body!
Okay, then.
It was a potion of mutation.
You feel extremely strange.
You feel agile.
You feel frail.
You feel resistant to cold.
It was a potion of haste.
You feel yourself speed up.
You die...

# .## # ..
####### #.#.
.......
####.#.#.......
................
... # #.<# #
#.##.##.# .#
#..#. #@# ##.#
#...##)##...#
#...#(...#
#...#...#
#.#.....## #
###....# #..##.#
..... ...
.g....## ....


There were no monsters in sight!

Vanquished Creatures
  An adder (D:2)
  A dart slug (D:1)
  3 leopard geckos
  4 bats
  A giant cockroach (D:1)
  5 goblins
  5 hobgoblins (D:1)
  3 jackals (D:2)
  4 kobolds (D:1)
  3 rats (D:1)
30 creatures vanquished.

Notes
Turn   | Place    | Note
-------+----------+-------------------------------------------
     0 | D:1      | Kohma the Vine Stalker Assassin began the quest for the Orb.
     0 | D:1      | Reached XP level 1. HP: 11/11 MP: 2/2
   396 | D:1      | Reached XP level 2. HP: 14/15 MP: 3/3
   461 | D:1      | Reached skill level 1 in Dodging
   593 | D:1      | Reached skill level 5 in Stealth
   854 | D:1      | Reached XP level 3. HP: 18/18 MP: 4/4
  1376 | D:2      | Gained mutation: You are agile. (Dex +2) [potion of mutation]
  1376 | D:2      | Gained mutation: You are frail. (-10% HP) [potion of mutation]
  1376 | D:2      | Gained mutation: Your flesh is cold resistant. (rC+) [potion of mutation]
  1377 | D:2      | Succumbed to an adder's poison

Skill      XL: |  1  2 |
---------------+-------+-----
Short Blades   | 2 |  2.5
Dodging        | 1 |  1.1
Stealth        | 5 |  5.1
Throwing       | 2 |  2.1
Fighting       | 2 |  2.1
Armour         | |  0.6

Action                   || total
-------------------------++-------
Melee: Dagger            ||    92
       Bite              ||    21
 Fire: Blowgun           ||    10
  Use: Potion            ||     2
 Stab: Sleeping          ||     5
  Eat: Chunk             ||     1
Armor: Robe              ||    38
Dodge: Dodged            ||    78
